 Dungeon Crawl Stone Soup version 0.32-a0-898-g7811c86 (webtiles) character file.

Game seed: 9973915638718129382

1827454 kasel the Crack Shot (level 26, 224/224 HPs)
             Began as a Coglin Hunter on Apr 4, 2024.
             Was an Initiate of Gozag.
             Escaped with the Orb
             ... and 3 runes!
             The game lasted 01:43:51 (55821 turns).

kasel the Crack Shot (Coglin Hunter)               Turns: 55821, Time: 01:43:52

Health: 224/224    AC: 28    Str: 17    XL:     26   Next: 60%
Magic:  32/32      EV: 29    Int: 13    God:    Gozag
Gold:   1988       SH:  0    Dex: 31    Spells: 25/25 levels left

rFire   + + .        m - +9 hand cannon (drain) {Cashile}
rCold   . . .        N - +7 hand cannon "Mule" {flame, backblast, rF+}
rNeg    . . .        W - +5 ring mail of Rotation {rPois Regen+ MP+9 Dex+2}
rPois   +            U - +1 helmet of Parlour Games {Str+3 Dex+4}
rElec   .            j - +2 cloak {rCorr}
rCorr   +            y - +3 Mad Mage's Maulers {Infuse+∞ VampMP -Cast}
SInv    .            i - +2 pair of boots {Fly}
Will    +....        (amulet unavailable)
Stlth   +            (ring unavailable)
HPRegen 1.37/turn    (ring unavailable)
MPRegen 0.23/turn    x - pneumatic megamatrix {rF+ Slay+3 Clar RMsl}

%: no spellcasting, repel missiles, clarity, infuse magic (32 MP)
@: flying, studying 2 skills
A: off-hand wielding, slow wielding, warmup strikes, no jewellery, clever 1
0: Orb of Zot
}: 3/15 runes: decaying, serpentine, silver
a: Renounce Religion, Potion Petition, Call Merchant, Bribe Branch


You escaped.
You worshipped Gozag.
Gozag was most pleased with you.
You visited 10 branches of the dungeon, and saw 48 of its levels.
You visited 1 bazaar.
You also visited: Bailey.

You collected 32642 gold pieces.
You spent 3044 gold pieces at shops.
You paid 27610 gold pieces to Gozag.

Inventory:

Hand Weapons
 m - a +9 hand cannon of draining (weapon) {Cashile}
 N - the +7 hand cannon "Mule" (offhand) {flame, backblast, rF+}
   (You bought it in a shop on level 14 of the Dungeon)

   rF+:       It protects you from fire.
Missiles
 d - 15 curare-tipped darts
 w - 4 throwing nets
Armour
 i - a +2 pair of boots of flying (worn)
 j - a +2 cloak of preservation (worn)
 y - the +3 Mad Mage's Maulers (worn) {Infuse+∞ VampMP -Cast}
   (You found it in a bailey)

   Infuse+∞: It empowers its wearer's blows with all of their magic.
   VampMP:    Blows struck in melee replenish the wearer's magic.
   -Cast:     It prevents spellcasting.
 U - the +1 helmet of Parlour Games (worn) {Str+3 Dex+4}
   (You found it on level 3 of the Elven Halls)

   Str+3:     It affects your strength (+3).
   Dex+4:     It affects your dexterity (+4).
 W - the +5 ring mail of Rotation (worn) {rPois Regen+ MP+9 Dex+2}
   (You found it on level 1 of the Depths)

   Dex+2:     It affects your dexterity (+2).
   rPois:     It protects you from poison.
   MP+9:      It affects your magic capacity (+9).
   Regen+:    It increases your rate of health regeneration.
Gizmo
 x - a pneumatic megamatrix (installed) {rF+ Slay+3 Clar RMsl}
   (You invented it yourself on level 4 of the Lair of Beasts)

   [pneumatic megamatrix]

   Slay+3:    It affects your accuracy & damage with ranged weapons and melee
   (+3).
   rF+:       It protects you from fire.
   Clar:      It protects you from confusion, rage, mesmerisation and fear.
   RMsl:      It protects you from missiles.
Talismans
 u - the death talisman of Gozag's Righteous Fury {rF+ rC+ Int+3 Slay+2}
   (You found it on level 5 of the Vaults)

   [talisman of death]

   Int+3:     It affects your intelligence (+3).
   Slay+2:    It affects your accuracy & damage with ranged weapons and melee
   (+2).
   rF+:       It protects you from fire.
   rC+:       It protects you from cold.
Wands
 n - a wand of flame (119)
 p - a wand of iceblast (33)
 s - a wand of paralysis (16)
 H - a wand of acid (32)
 P - a wand of mindburst (30)
 S - a wand of digging (11)
Scrolls
 a - 4 scrolls of fear
 k - 3 scrolls of revelation
 o - 2 scrolls of silence
 q - 4 scrolls of vulnerability
 r - 8 scrolls of fog
 t - 5 scrolls of amnesia
 z - 5 scrolls of poison
 A - 2 scrolls of enchant armour
 B - a scroll of brand weapon
 E - 15 scrolls of teleportation
 F - 2 scrolls of enchant weapon
 K - 6 scrolls of immolation
 M - 3 scrolls of torment
 R - 4 scrolls of blinking
 T - 4 scrolls of summoning
Potions
 b - 6 potions of brilliance
 c - 2 potions of lignification
 e - 8 potions of attraction
 f - 22 potions of curing
 g - 6 potions of heal wounds
 h - 12 potions of enlightenment
 l - 10 potions of mutation
 C - 6 potions of magic
 D - 3 potions of cancellation
 I - 5 potions of might
 J - 10 potions of haste
 L - 6 potions of berserk rage
 Q - 4 potions of resistance
 Z - 4 potions of ambrosia
Miscellaneous
 v - a lightning rod (4/4)
 G - a phantom mirror
 V - a box of beasts
 X - a phial of floods
 Y - a condenser vane


   Skills:
 - Level 22.0 Fighting
 - Level 25.0 Ranged Weapons
 - Level 16.0 Armour
 - Level 18.0 Dodging
 - Level 6.0 Stealth
 - Level 15.0 Evocations
 + Level 12.8 Shapeshifting


You had 25 spell levels left.
You didn't know any spells.
Your spell library contained the following spells:

 Spells                   Type           Power      Damage    Failure   Level
 Apportation              Tloc           0%         N/A       41%         1
 Foxfire                  Conj/Fire      0%         2x1d4     41%         1
 Freeze                   Ice            0%         1d3       41%         1
 Magic Dart               Conj           0%         1d3       41%         1
 Necrotise                Necr           0%         1d4       41%         1
 Shock                    Conj/Air       0%         1d3       41%         1
 Slow                     Hex            0%         N/A       41%         1
 Sting                    Conj/Alch      0%         1d3       41%         1
 Summon Small Mammal      Summ           0%         N/A       41%         1
 Blink                    Tloc           0%         N/A       56%         2
 Call Imp                 Summ           0%         N/A       56%         2
 Cigotuvi's Dreadful Rot  Necr/Alch/Air  0%         N/A       56%         2
 Ensorcelled Hibernation  Hex/Ice        0%         N/A       56%         2
 Jinxbite                 Hex            0%         N/A       56%         2
 Mercury Vapours          Alch/Air       0%         N/A       56%         2
 Scorch                   Fire           0%         2d5       56%         2
 Static Discharge         Conj/Air       0%         3-3/arc   56%         2
 Sublimation of Blood     Necr           0%         N/A       56%         2
 Confusing Touch          Hex            0%         N/A       80%         3
 Dazzling Flash           Conj/Hex       0%         N/A       80%         3
 Frozen Ramparts          Ice            0%         1d1       80%         3
 Hailstorm                Conj/Ice       0%         3d5       80%         3
 Inner Flame              Hex/Fire       0%         N/A       80%         3
 Mephitic Cloud           Conj/Alch/Air  0%         N/A       80%         3
 Passwall                 Erth           0%         N/A       80%         3
 Summon Ice Beast         Ice/Summ       0%         N/A       80%         3
 Swiftness                Air            0%         N/A       80%         3
 Tukima's Dance           Hex            0%         N/A       80%         3
 Vampiric Draining        Necr           0%         2d6       80%         3
 Volatile Blastmotes      Fire/Tloc      0%         2d10      80%         3
 Airstrike                Air            0%         2d(0-16)  99%         4
 Anguish                  Hex/Necr       0%         N/A       99%         4
 Animate Armour           Summ/Erth      0%         N/A       99%         4
 Cause Fear               Hex            0%         N/A       99%         4
 Dimensional Bullseye     Hex/Tloc       0%         N/A       99%         4
 Dispel Undead            Necr           0%         3d6       99%         4
 Flame Wave               Conj/Fire      0%         2d4       99%         4
 Ignite Poison            Fire/Alch      0%         N/A       99%         4
 Iskenderun's Mystic Bla Conj/Tloc 0%             2d3        (+2d1     99%         4
 Martyr's Knell           Necr/Summ      0%         N/A       99%         4
 Olgreb's Toxic Radiance  Alch           0%         N/A       99%         4
 Passage of Golubria      Tloc           0%         N/A       99%         4
 Petrify                  Alch/Erth      0%         N/A       99%         4
 Sticky Flame             Fire/Alch      0%         2d4       99%         4
 Summon Blazeheart Golem  Fire/Summ      0%         N/A       99%         4
 Summon Lightning Spire   Summ/Air       0%         N/A       99%         4
 Vhi's Electric Charge    Tloc/Air       0%         N/A       99%         4
 Alistair's Intoxication  Alch           0%         N/A       100%        5
 Arcjolt                  Conj/Air       0%         1d10      100%        5
 Borgnjor's Vile Clutch   Necr/Erth      0%         N/A       100%        5
 Fireball                 Conj/Fire      0%         3d3       100%        5
 Freezing Cloud           Conj/Ice/Air   0%         6-21      100%        5
 Irradiate                Conj/Alch      0%         3d11      100%        5
 Iskenderun's Battlesphe  Conj           0%         2d6       100%        5
 Silence                  Hex/Air        0%         N/A       100%        5
 Summon Forest            Summ/Tloc      0%         N/A       100%        5
 Summon Mana Viper        Hex/Summ       0%         N/A       100%        5
 Yara's Violent Unravell  Hex/Alch       0%         3d3       100%        5
 Bombard                  Conj/Erth      0%         9d1       100%        6
 Eringya's Noxious Bog    Alch           0%         4d6       100%        6
 Permafrost Eruption      Ice/Erth       0%         2x4d1     100%        6
 Plasma Beam              Fire/Air       0%         2x1d10    100%        6
 Sculpt Simulacrum        Ice/Alch       0%         N/A       100%        6
 Starburst                Conj/Fire      0%         6d3       100%        6
 Summon Cactus Giant      Summ           0%         N/A       100%        6
 Enfeeble                 Hex            0%         N/A       100%        7
 Haunt                    Necr/Summ      0%         N/A       100%        7
 Orb of Destruction       Conj           0%         9d5       100%        7
 Ozocubu's Refrigeration  Ice            0%         4d7       100%        7
 Spellforged Servitor     Conj/Summ      0%         N/A       100%        7
 Summon Hydra             Summ           0%         N/A       100%        7
 Ignition                 Fire           0%         3d3       100%        8
 Lehudib's Crystal Spear  Conj/Erth      0%         10d2      100%        8
 Maxwell's Capacitive Co  Air            0%         ∞         100%        8
 Dragon's Call            Summ           0%         N/A       100%        9
 Polar Vortex             Ice            0%         N/A       100%        9


Dungeon Overview and Level Annotations

Branches:
Dungeon (15/15)            Temple (1/1) D:7            Lair (5/5) D:9
  Swamp (4/4) Lair:3        Snake (4/4) Lair:2        Slime (0/5) Lair:5
    Orc (2/2) D:9             Elf (3/3) Orc:2        Vaults (5/5) D:13
  Crypt (0/3) Vaults:2     Depths (4/4) D:15            Zot (5/5) Depths:4
 Bailey (visited)

Altars:
Ashenzari
Cheibriados
Dithmenos
Elyvilon
Fedhas
Gozag
Hepliaklqana
Kikubaaqudgha
Makhleb
Nemelex Xobeh
Okawaru
Qazlal
Ru
Sif Muna
Trog
Uskayaw
Vehumet
Wu Jian
Xom
Yredelemnul
Zin
The Shining One
Beogh
Jiyva
Lugonu

Shops:
D:7 (:   D:12 ([*(((   D:14 (   Orc:2 :[?:   Elf:1 ([   Elf:3 ((?!(
Vaults:3 [

Portals:
Hell: Depths:1 Depths:2 Depths:3 Depths:4
Abyss: Depths:3 Depths:4
Pandemonium: Depths:1 Depths:2 Depths:3 Depths:4
Ziggurat: Depths:2

Annotations:
Lair:2 exclusion: door
Snake:2 6 transporters


Innate Abilities, Weirdness & Mutations

You can wield a second weapon in your off-hand.
It takes a long time for you to wield or remove held weapons.
Your first few attacks do less damage.
You cannot equip rings or amulets.
Your mind is acute. (Int +4, Str/Dex -1)


Message History

There is a stone staircase leading down here.
You shoot a slug.
The slug hits the great orb of eyes but does no damage.
You shoot a slug.
The slug completely misses the great orb of eyes.
You shoot a slug. The slug hits the great orb of eyes!!
The slug burns the great orb of eyes.
The great orb of eyes is moderately wounded.
You shoot a slug. The slug hits the great orb of eyes!
The great orb of eyes is heavily wounded.
The great orb of eyes bites you but does no damage.
You shoot a slug. The slug hits the great orb of eyes!!!
You kill the great orb of eyes!
You shoot a slug.
Unknown command.
No target in view!
Unknown command.
Unknown command.
What level of the Dungeon? (default 1, ? - help)
There is a stone staircase leading up here.
You fly upwards.
There is a stone staircase leading down here.
You feel yourself speed up.
You fade into invisibility!
A red devil comes into view.
It is wielding a +2 vampiric demon trident.
You shoot a slug. The slug closely misses the red devil.
You shoot a slug. The slug hits the red devil!!
You kill the red devil!
No target in view!
Unknown command.
Unknown command.
No target in view!
You flicker for a moment.
You flicker back into view.
You reach down and open the door.
Your extra speed is starting to run out.
There is an open door here.
There is a staircase leading out of the dungeon here.
You feel yourself slow down.
You have escaped!

#......# #..##.# #.# #######.##
#.###..###.###.###.## #.# #.#
#...............# #.#
#.###.##............# ##.#
###)##...##...#####...# ##..#
..............#...#...######...##
.........##.###.ß.###...........#
.##.##......#.......#.######.....
.##.##.###..'.ß.@.ß.'.# ##.###
.......###..#.......#.# #.#
.##.##.##...###.ß.###.# #.#
.##.##.#......#...#...# #.#
.......#......#####...# #.#
..####.#..............# #.### ..
#.##.............# #.... ..##
#.####..###...#### ##### ...###.#
#..# #####


There were no monsters in sight!

Vanquished Creatures
  An orb of fire (Zot:4)
  A juggernaut (Depths:2)
  Xtahua (Vaults:2)
  Sojobo (Vaults:3)
  A Killer Klown (Zot:5)
  Vashnia (Snake:2)
  Margery (Vaults:3)
  2 curse toes
  2 caustic shrikes (Depths:3)
  4 golden dragons
  Jory (Vaults:3)
  Nikola (Snake:3)
  A bone dragon (Depths:4)
  Norris (Elf:1)
  A Tzitzimitl (D:14)
  3 electric golems
  Rupert (Lair:4)
  An Ice Fiend (D:15)
  Jorgrun (D:15)
  Asterion (Vaults:1)
  17 tentacled monstrosities
  2 liches
  5 Orb Guardians
  3 deep elf blademasters
  7 quicksilver dragons
  3 sphinxes
  2 pandemonium lords
  A titan (Depths:2)
  A walking frostbound tome (Depths:3)
  2 deep elf master archers (Elf:3)
  A searing wretch (Vaults:3)
  6 death cobs
  13 shadow dragons
  6 storm dragons
  8 tengu reavers
  Kirke (Elf:1)
  Agnes (Elf:1)
  A demonspawn warmonger (Zot:4)
  7 draconian knights
  The ghost of Huckle the Unseen, an adept SpAr of Gozag (Elf:3)
  Roxanne (Swamp:4)
  6 draconian shifters
  Donald (Elf:1)
  5 nagarajas (Snake:4)
  2 fire giants
  8 vault wardens
  3 ghost moths
  6 draconian monks
  3 frost giants
  7 deep elf sorcerers
  3 balrugs (Depths:1)
  5 draconian stormcallers
  7 orc warlords
  4 draconian scorchers
  4 ghouls
  14 ironbound preservers
  A spriggan defender (Depths:2)
  5 deep elf elementalists
  A demonspawn corrupter (Zot:4)
  2 draconian annihilators (Zot:2)
  11 stone giants
  2 formless jellyfish (Vaults:2)
  An ironbound thunderhulk (Vaults:2)
  3 eleionomae
  27 very ugly things
  A vampire knight (Depths:2)
  5 deep elf death magi (Elf:3)
  7 deep elf demonologists
  10 green draconians
  6 deep elf annihilators (Elf:3)
  9 red draconians
  8 black draconians
  5 yellow draconians
  12 purple draconians
  3 bunyips
  15 dire elephants
  2 war gargoyles
  6 spark wasps
  4 white draconians
  5 ettins
  Josephine (Lair:5)
  2 blizzard demons (Depths:1)
  A crystal guardian (Vaults:1)
  2 green deaths
  Harold (D:10)
  3 shambling mangroves (Swamp:4)
  13 yaktaur captains
  4 deep elf high priests
  9 fire dragons
  4 entropy weavers
  8 vault guards
  5 great orbs of eyes
  A salamander tyrant (Snake:3)
  A peacekeeper (Vaults:1)
  A hell beast (Depths:1)
  3 ogre magi
  4 ghost crabs
  8 alligators
  6 ice dragons
  15 hydras
  15 ironbound frosthearts
  6 anacondas
  2 rakshasas
  Erica (D:10)
  8 centaur warriors
  2 death knights (Vaults:2)
  6 spriggan air magi
  2 catoblepae
  3 death yaks (Lair:5)
  4 deep troll shamans
  11 two-headed ogres
  3 boulder beetles
  27 dancing weapons
  A sphinx skeleton (Vaults:1)
  A vampire mage (Depths:4)
  10 deep troll earth magi
  Urug (Lair:1)
  6 spriggan berserkers
  23 naga warriors
  3 orc high priests
  6 tengu warriors
  18 naga sharpshooters
  4 soul eaters
  Sonja (Lair:1)
  10 shock serpents
  15 hell knights
  Nergalle (Orc:2)
  5 skysharks
  19 deep elf knights
  A fire crab (Lair:2)
  A storm dragon zombie (Vaults:4)
  8 iron trolls
  2 salamander mystics (Snake:4)
  2 sixfirhies
  A skyshark (shapeshifter) (Depths:1)
  Amaemon (D:10)
  57 deep trolls
  A shadow wraith (Vaults:2)
  15 deep elf archers
  2 goliath frogs
  2 flayed ghosts
  A golden dragon zombie (Depths:1)
  A glowing orange brain (Vaults:4)
  6 spriggan druids
  An obsidian statue (Depths:1)
  A spark wasp zombie (Depths:1)
  12 mana vipers
  6 naga ritualists
  3 swamp dragons
  7 arcanists
  24 ironbound convokers
  6 bog bodies
  10 thermic dynamos
  2 spectral hydras (Swamp:4)
  2 obsidian bats (Orc:2)
  5 harpies
  7 necromancers
  6 lindwurms
  30 deep elf zephyrmancers
  4 phantasmal warriors
  28 deep elf pyromancers
  14 orc knights
  10 orc sorcerers
  2 frost giant zombies (Depths:1)
  4 oklob plants
  15 salamanders
  53 ugly things
  3 cyclopes
  7 will-o-the-wisps
  A fire giant zombie (Depths:1)
  27 moths of wrath
  A manticore (Lair:2)
  9 guardian serpents
  2 rust devils
  3 meliai (D:13)
  17 elephants
  28 black mambas
  3 kobold blastminers
  2 frost giant skeletons (Depths:1)
  12 naga magi
  3 smoke demons (Depths:1)
  Joseph (Lair:1)
  5 orange demons
  15 vault sentinels
  3 gargoyles
  13 cane toads
  3 torpor snails
  A kobold demonologist (D:13)
  5 freezing wraiths
  An unseen horror (D:13)
  31 yaktaurs
  A yaktaur zombie (Vaults:2)
  7 komodo dragons
  2 yaktaur skeletons
  4 rime drakes
  A tormentor (Depths:1)
  2 tengu conjurers
  A red devil (D:1)
  A hydra zombie (Swamp:4)
  7 polar bears
  2 hellwings (Depths:1)
  A troll (shapeshifter) (D:15)
  8 trolls
  A merfolk (shapeshifter) (Vaults:5)
  6 tyrant leeches
  A polar bear (shapeshifter) (Elf:1)
  A tarantella (Vaults:1)
  31 hornets
  A jumping spider (Vaults:4)
  2 jumping spiders (shapeshifter)
  A glass eye (Depths:1)
  3 blink frogs (Lair:2)
  18 slime creatures
  3 dream sheep (Lair:3)
  2 hydra skeletons (Swamp:4)
  2 shadows
  Sigmund (D:6)
  An ettin zombie (Vaults:4)
  34 spriggans
  3 air elementals
  71 yaks
  A vampire (Bailey)
  2 centaur simulacra
  A ynoxinul (Depths:3)
  4 water elementals
  4 wyverns
  3 hogs (Elf:1)
  7 wraiths
  4 fire elementals
  11 basilisks
  A neqoxec (Depths:1)
  A warg (Orc:2)
  2 chaos spawn
  A steam dragon (Lair:2)
  12 swamp worms
  9 vampire mosquitoes
  4 redbacks
  54 nagas
  15 water moccasins
  3 acid dragons
  A glowing shapeshifter zombie (Vaults:4)
  2 hell hounds (Orc:1)
  6 hydra simulacra
  5 black bears
  2 ice beasts (D:5)
  6 swamp drakes
  A black bear (shapeshifter) (D:15)
  4 sky beasts
  4 laughing skulls
  3 human zombies
  A swamp dragon zombie (Swamp:4)
  36 orc warriors
  5 boggarts
  16 ogres
  20 centaurs
  35 wolves
  An elf simulacrum (Vaults:1)
  6 kobold brigands
  11 bullfrogs
  3 earth elementals
  A glowing shapeshifter simulacrum (Vaults:1)
  2 gnoll sergeants (D:9)
  A scorpion (D:5)
  5 wights (D:8)
  7 killer bees
  9 vampire bats (Bailey)
  5 wolf zombies (Bailey)
  A howler monkey (D:6)
  2 bombardier beetles
  3 hounds
  5 jellies (Lair:2)
  21 orc priests
  2 sleepcaps
  Jessica (D:3)
  A gnoll bouda (D:8)
  4 iguanas (D:5)
  41 orc wizards
  5 hell rats
  13 gnolls
  6 adders
  2 swamp drake zombies (Swamp:4)
  2 swamp drake skeletons (Swamp:4)
  An ufetubus (D:6)
  2 dart slugs
  4 ribbon worms
  77 orcs
  8 ball pythons
  18 endoplasms
  4 giant cockroaches
  4 goblins
  8 hobgoblins
  2 jackals (D:4)
  8 kobolds
  2 quokkas
  6 bats
  2 frilled lizards
  19 orc zombies (Bailey)
  3 rats (D:1)
2033 creatures vanquished.

Vanquished Creatures (collateral kills)
  A dread lich (Vaults:5)
  An orb of fire (Zot:5)
  4 Killer Klowns (Zot:5)
  A golden dragon (Zot:5)
  An electric golem (Zot:5)
  2 tentacled monstrosities (Zot:5)
  10 Orb Guardians (Zot:5)
  A sphinx (Vaults:5)
  A death cob (Zot:5)
  2 shadow dragons (Vaults:5)
  A fire giant (Vaults:5)
  A ghost moth (Zot:5)
  A black draconian (Zot:5)
  2 green draconians (Zot:5)
  A deep elf annihilator (Vaults:5)
  A war gargoyle (Vaults:5)
  A purple draconian (Zot:5)
  2 yellow draconians (Zot:5)
  A white draconian (Zot:5)
  An ettin (Vaults:5)
  6 vault guards (Vaults:5)
  A hell knight (Vaults:5)
  A deep troll (Vaults:5)
  A shadow demon (Zot:4)
  A glowing orange brain (Zot:5)
  An ironbound convoker (Vaults:5)
  A moth of wrath (Zot:5)
  A vault sentinel (Vaults:5)
  A freezing wraith (Vaults:5)
  A dream sheep (shapeshifter) (Vaults:5)
  A chaos spawn (Zot:1)
52 creatures vanquished.

Vanquished Creatures (others)
  An ancient lich (Zot:5)
  3 Killer Klowns (Zot:5)
  A golden dragon (Zot:2)
  A tentacled monstrosity (Zot:5)
  10 Orb Guardians (Zot:5)
  2 sphinxes (Vaults:5)
  A death cob (Zot:5)
  3 draconian knights
  2 draconian monks
  A fire giant (Vaults:5)
  3 draconian shifters
  2 vault wardens (Vaults:5)
  A frost giant (Vaults:5)
  A ghost moth (Zot:5)
  2 deep elf sorcerers (Vaults:5)
  4 draconian scorchers
  A draconian annihilator (Zot:5)
  2 draconian stormcallers (Zot:2)
  A stone giant (Vaults:5)
  A yellow draconian (Zot:2)
  7 black draconians
  6 green draconians
  3 white draconians (Zot:5)
  A deep elf death mage (Vaults:5)
  8 red draconians
  A deep elf demonologist (Vaults:5)
  A purple draconian (Zot:5)
  2 ettins (Vaults:5)
  3 yaktaur captains (Vaults:5)
  An entropy weaver (Vaults:5)
  12 vault guards (Vaults:5)
  An alligator (Swamp:1)
  2 hell knights (Vaults:5)
  A sea snake (shapeshifter) (Vaults:5)
  A shadow wraith (Vaults:5)
  3 deep trolls (Vaults:5)
  5 ironbound convokers (Vaults:5)
  3 moths of wrath (Zot:5)
  A vault sentinel (Vaults:5)
  3 yaktaurs (Vaults:5)
  A bloated husk (Swamp:1)
  A polar bear (shapeshifter) (Vaults:5)
  A spriggan (shapeshifter) (Vaults:5)
  An ogre (shapeshifter) (Vaults:5)
  A crimson imp (D:10)
  2 orc wizards
  10 foxfires (Swamp:3)
125 creatures vanquished.

Grand Total: 2210 creatures vanquished

Notes
Turn   | Place    | Note
-------+----------+-------------------------------------------
     0 | D:1      | kasel the Coglin Hunter began the quest for the Orb.
     0 | D:1      | Reached XP level 1. HP: 16/16 MP: 1/1
    93 | D:1      | Reached skill level 1 in Stealth
   195 | D:1      | Reached XP level 2. HP: 22/22 MP: 2/2
   264 | D:1      | Reached skill level 4 in Ranged Weapons
   688 | D:2      | Reached XP level 3. HP: 27/27 MP: 3/3
   822 | D:2      | Found a faded altar of an unknown god.
  1592 | D:3      | Reached XP level 4. HP: 33/33 MP: 4/4
  1702 | D:3      | Found a glowing golden altar of the Shining One.
  1703 | D:3      | Identified the +1 mace "Nyareoc" {holy, *Rage rElec rPois
                  | SInv}
  1795 | D:3      | Noticed Jessica
  1799 | D:3      | Reached skill level 5 in Ranged Weapons
  1802 | D:3      | Killed Jessica
  1924 | D:4      | Noticed an ogre
  1944 | D:3      | Reached XP level 5. HP: 5/38 MP: 5/5
  2722 | D:4      | Reached skill level 6 in Ranged Weapons
  2882 | D:4      | Killed an ogre
  2883 | D:4      | Reached XP level 6. HP: 44/44 MP: 6/6
  3256 | D:5      | Entered Level 5 of the Dungeon
  3269 | D:5      | Reached skill level 7 in Ranged Weapons
  3420 | D:5      | Reached XP level 7. HP: 50/50 MP: 7/7
  3636 | D:5      | Reached skill level 8 in Ranged Weapons
  3936 | D:5      | Reached skill level 9 in Ranged Weapons
  3936 | D:5      | Reached XP level 8. HP: 56/56 MP: 8/8
  4625 | D:6      | Identified the +2 leather armour "Wecaappi" {Harm Regen+}
  4851 | D:6      | Noticed Sigmund
  4859 | D:6      | Killed Sigmund
  5042 | D:7      | Found Bonetyna's Book Boutique.
  5163 | D:7      | Noticed a yak
  5166 | D:7      | Noticed a yak
  5168 | D:7      | Noticed a yak
  5175 | D:7      | Killed a yak
  5176 | D:7      | Reached skill level 1 in Evocations
  5176 | D:7      | Reached XP level 9. HP: 53/66 MP: 9/9
  5329 | D:7      | Found a sacrificial altar of Ru.
  5488 | D:7      | Noticed a two-headed ogre
  5499 | D:7      | Killed a two-headed ogre
  5500 | D:7      | Reached skill level 5 in Fighting
  5500 | D:7      | Reached skill level 5 in Dodging
  5562 | D:7      | Found a staircase to the Ecumenical Temple.
  5613 | Temple   | Entered the Ecumenical Temple
  5632 | Temple   | Became a worshipper of Gozag Ym Sagoz the Greedy
  5714 | D:7      | Found Soelups's Antique Weapon Boutique.
  5722 | D:7      | Bought a crystal sling for 195 gold pieces
  5722 | D:7      | Identified the +3 sling of Peceu {flame, Dex+4} (You bought
                  | it in a shop on level 7 of the Dungeon)
  6010 | D:8      | Found a shimmering blue altar of Sif Muna.
  6012 | D:8      | Reached skill level 5 in Evocations
  6181 | D:8      | Reached XP level 10. HP: 77/77 MP: 10/10
  6329 | D:8      | Found a shimmering altar of Xom.
  6772 | D:9      | Found a staircase to the Lair.
  6946 | D:9      | Found a staircase to the Orcish Mines.
  7069 | D:9      | Found a glowing silver altar of Zin.
  7143 | D:9      | Reached skill level 10 in Ranged Weapons
  7318 | D:9      | Reached XP level 11. HP: 87/87 MP: 11/11
  7531 | D:9      | Found a broken altar of Ashenzari.
  7531 | D:9      | Found an iron altar of Okawaru.
  7668 | D:9      | Noticed a two-headed ogre
  7673 | D:9      | Killed a two-headed ogre
  7711 | D:10     | Entered Level 10 of the Dungeon
  7711 | D:10     | Noticed Erica
  7716 | D:10     | Killed Erica
  7788 | D:10     | Noticed Harold
  7798 | D:10     | Killed Harold
  8105 | D:10     | Found a flagged portal.
  8145 | Bailey   | Entered a bailey
  8182 | Bailey   | Found the +8 lance "Wyrmbane" {slay drac, rPois rF+ rC+
                  | AC+3}
  8314 | Bailey   | Found the +3 Mad Mage's Maulers {Infuse+∞ VampMP -Cast}
  8793 | D:10     | Reached skill level 11 in Ranged Weapons
  9158 | D:10     | Noticed Amaemon
  9169 | D:10     | Killed Amaemon
  9327 | D:11     | Noticed a two-headed ogre
  9332 | D:11     | Killed a two-headed ogre
  9333 | D:11     | Reached skill level 12 in Ranged Weapons
  9459 | D:11     | Reached XP level 12. HP: 95/95 MP: 12/12
  9815 | Lair:1   | Entered Level 1 of the Lair of Beasts
  9851 | Lair:1   | Found a stormy altar of Qazlal.
  9891 | Lair:1   | Reached skill level 13 in Ranged Weapons
  9988 | Lair:1   | Noticed Sonja
  9996 | Lair:1   | Killed Sonja
 10120 | Lair:1   | Noticed Urug
 10137 | Lair:1   | Killed Urug
 10250 | Lair:1   | Noticed Joseph
 10255 | Lair:1   | Killed Joseph
 10302 | Lair:1   | Identified the +6 scale mail of Nonoemorph {rElec Will++}
 10412 | Lair:1   | Reached skill level 14 in Ranged Weapons
 10412 | Lair:1   | Reached skill level 1 in Armour
 10886 | Lair:2   | Noticed a dire elephant
 10890 | Lair:2   | Noticed an alligator
 10976 | Lair:2   | Noticed a skyshark
 10983 | Lair:2   | Killed a skyshark
 10984 | Lair:2   | Reached skill level 5 in Armour
 11115 | Lair:2   | Reached XP level 13. HP: 101/101 MP: 13/13
 11123 | Lair:2   | Found a staircase to the Snake Pit.
 11281 | Lair:2   | Killed a dire elephant
 11577 | Lair:2   | Reached skill level 10 in Fighting
 11849 | Lair:2   | Reached skill level 10 in Dodging
 11928 | Lair:2   | Noticed a dire elephant
 11928 | Lair:2   | Noticed a dire elephant
 12133 | Lair:3   | Found a staircase to the Swamp.
 12133 | Lair:3   | Noticed an eleionoma
 12140 | Lair:3   | Killed an eleionoma
 12949 | Lair:4   | Reached XP level 14. HP: 114/114 MP: 14/14
 12952 | Lair:4   | Acquired a pneumatic megamatrix {rF+ Slay+3 Clar RMsl}
 13353 | Lair:4   | Noticed Rupert
 13372 | Lair:4   | Killed Rupert
 13701 | Lair:5   | Entered Level 5 of the Lair of Beasts
 13816 | Lair:5   | Found a staircase to the Slime Pits.
 13820 | Lair:5   | Found a viscous altar of Jiyva.
 13886 | Lair:5   | Noticed Josephine
 13892 | Lair:5   | Killed Josephine
 14580 | Lair:5   | Reached XP level 15. HP: 76/126 MP: 15/15
 15407 | Orc:1    | Entered Level 1 of the Orcish Mines
 15809 | Orc:1    | Noticed an orc warlord
 15825 | Orc:1    | Killed an orc warlord
 16143 | Orc:1    | Found a roughly hewn altar of Beogh.
 16360 | Orc:2    | Entered Level 2 of the Orcish Mines
 16368 | Orc:2    | Noticed an orc warlord
 16386 | Orc:1    | Killed an orc warlord
 16451 | Orc:1    | Found a roughly hewn altar of Beogh.
 16485 | Orc:1    | Found a roughly hewn altar of Beogh.
 17058 | Orc:2    | Noticed an orc warlord
 17083 | Orc:2    | Killed an orc warlord
 17127 | Orc:2    | Found a staircase to the Elven Halls.
 17169 | Orc:2    | Reached skill level 15 in Fighting
 17207 | Orc:2    | Noticed an orc warlord
 17222 | Orc:2    | Killed an orc warlord
 17600 | Orc:2    | Found Dyid Sil's Book Shoppe.
 17620 | Orc:2    | Found Yteaz Zuh's Magic Scroll Emporium.
 17642 | Orc:2    | Bought a scroll of fear for 64 gold pieces
 17642 | Orc:2    | Bought a scroll of teleportation for 48 gold pieces
 17642 | Orc:2    | Bought a scroll of teleportation for 48 gold pieces
 17686 | Orc:2    | Found a radiant altar of Vehumet.
 17730 | Orc:2    | Noticed Nergalle
 17742 | Orc:2    | Killed Nergalle
 17777 | Orc:2    | Found an ancient bone altar of Kikubaaqudgha.
 17812 | Orc:2    | Found a roughly hewn altar of Beogh.
 17812 | Orc:2    | Found Qopriesm's Book Shoppe.
 17818 | Orc:2    | Found Caasch Romal's Antique Armour Emporium.
 17840 | Orc:2    | Bought a glowing leather armour for 160 gold pieces
 18440 | D:12     | Reached skill level 10 in Evocations
 18931 | D:12     | Reached XP level 16. HP: 136/136 MP: 16/16
 19051 | D:12     | Identified a scroll of acquirement
 19051 | D:12     | Acquired 375 gold pieces
 19129 | D:13     | Identified the staff of Wyrd {rC+ Will+ Ice}
 19147 | D:13     | Reached skill level 15 in Dodging
 19300 | D:13     | Found a gate to the Vaults.
 20398 | D:14     | Reached skill level 15 in Ranged Weapons
 20973 | D:15     | Entered Level 15 of the Dungeon
 21303 | D:15     | Reached skill level 16 in Ranged Weapons
 21714 | D:15     | Found a staircase to the Depths.
 21972 | D:15     | Noticed Jorgrun
 21983 | D:15     | Killed Jorgrun
 22579 | Snake:1  | Entered Level 1 of the Snake Pit
 23127 | Snake:1  | Reached skill level 17 in Ranged Weapons
 23324 | Snake:1  | Reached XP level 17. HP: 142/142 MP: 17/17
 24001 | Snake:1  | You fall into a shaft and drop 1 floor!
 24133 | Snake:2  | Found a transporter.
 24135 | Snake:2  | Found a transporter.
 25100 | D:14     | Bought the +7 hand cannon "Mule" {flame, backblast, rF+}
                  | for 1437 gold pieces
 25100 | D:14     | Found the +7 hand cannon "Mule" {flame, backblast, rF+}
 25430 | Snake:2  | Found a transporter.
 25431 | Snake:2  | Found a transporter.
 25699 | Snake:2  | Reached skill level 18 in Ranged Weapons
 25748 | Snake:2  | Found a transporter.
 25762 | Snake:2  | Found a transporter.
 26060 | Snake:2  | Noticed Vashnia
 26080 | Snake:2  | Killed Vashnia
 26136 | Snake:2  | Identified the staff "Nygutyps" {rF+ rCorr Str+2 Dex+2
                  | Fire}
 26453 | Snake:3  | Identified the +0 spear of Friendship {venom, rN++ Str+3
                  | Int-4}
 26698 | Snake:3  | Noticed Nikola
 26707 | Snake:3  | Killed Nikola
 27343 | Snake:3  | Reached skill level 5 in Stealth
 27698 | Snake:4  | Entered Level 4 of the Snake Pit
 28046 | Snake:4  | Reached XP level 18. HP: 149/149 MP: 18/18
 28793 | Snake:4  | Found an iron altar of Okawaru.
 28849 | Snake:4  | Got a serpentine rune of Zot
 29223 | Swamp:1  | Entered Level 1 of the Swamp
 29828 | Swamp:2  | Reached skill level 10 in Armour
 30778 | Swamp:3  | Reached XP level 19. HP: 159/159 MP: 19/19
 31270 | Swamp:4  | Entered Level 4 of the Swamp
 31480 | Swamp:4  | Noticed Roxanne
 31567 | Swamp:4  | Killed Roxanne
 31843 | Swamp:4  | Found a blossoming altar of Fedhas.
 31941 | Swamp:4  | Got a decaying rune of Zot
 32104 | Swamp:4  | Found a basalt altar of Yredelemnul.
 32596 | Vaults:1 | Entered Level 1 of the Vaults
 32678 | Vaults:1 | Identified the +1 scale mail of Insatiable Hunger {Will-
                  | Str+7}
 33495 | Vaults:1 | Identified the +0 kite shield "Agiplong" {rPois}
 33495 | Vaults:1 | Noticed Asterion
 33504 | Vaults:1 | Killed Asterion
 34281 | Vaults:2 | Reached XP level 20. HP: 170/170 MP: 20/20
 34805 | Vaults:2 | Noticed Xtahua
 34807 | Vaults:2 | Paralysed by Xtahua for 3 turns
 34816 | Vaults:2 | Killed Xtahua
 34952 | Vaults:2 | Got the Papyrus of Blasting and the Lithosphere
 35108 | Vaults:2 | Reached skill level 19 in Ranged Weapons
 35918 | Vaults:2 | Found a staircase to the Crypt.
 36162 | Vaults:3 | Noticed Margery
 36174 | Vaults:3 | Killed Margery
 36229 | Vaults:3 | Found a flickering gateway to a bazaar.
 36238 | Bazaar   | Entered a bazaar
 36297 | Bazaar   | Found Veomp's Book Emporium.
 36312 | Bazaar   | Found Nyjoth's Magic Scroll Shoppe.
 36317 | Bazaar   | Bought a scroll of fog for 56 gold pieces
 36317 | Bazaar   | Bought a scroll of summoning for 133 gold pieces
 36328 | Bazaar   | Found Gaffeat's General Store.
 36328 | Bazaar   | Found Xid Huq's Antique Weapon Shoppe.
 36333 | Bazaar   | Bought a scroll of enchant weapon for 105 gold pieces
 36350 | Bazaar   | Found Mopn's Armour Emporium.
 36386 | Vaults:3 | Bought a glowing cloak for 247 gold pieces
 36423 | Vaults:3 | Noticed Sojobo
 36456 | Vaults:3 | HP: 6/174 [Sojobo/the air (28)]
 36462 | Vaults:3 | Killed Sojobo
 37002 | Vaults:3 | Reached XP level 21. HP: 180/180 MP: 21/21
 37078 | Vaults:3 | Reached skill level 20 in Ranged Weapons
 37277 | Vaults:3 | Noticed Jory
 37286 | Vaults:3 | Killed Jory
 38601 | Vaults:4 | Identified the +1 shortbow of the Ecumenical Temple {heavy,
                  | rPois Will+}
 39331 | Vaults:4 | Reached skill level 21 in Ranged Weapons
 39902 | Elf:1    | Entered Level 1 of the Elven Halls
 39902 | Elf:1    | Noticed Norris
 39909 | Elf:1    | Killed Norris
 40276 | Elf:1    | Noticed Donald
 40281 | Elf:1    | Killed Donald
 40700 | Elf:1    | Noticed Agnes
 40703 | Elf:1    | Killed Agnes
 40704 | Elf:1    | Found Momurchuy's Weapon Shoppe.
 40708 | Elf:1    | Found Wuynweh's Armour Emporium.
 40737 | Elf:1    | Reached XP level 22. HP: 171/190 MP: 22/22
 40909 | Elf:1    | Got the Quarto of Fulmination
 40938 | Elf:1    | Noticed Kirke
 40941 | Elf:1    | Killed Kirke
 41521 | Elf:2    | Reached skill level 22 in Ranged Weapons
 41578 | Elf:2    | Found a runed translucent gate.
 41578 | Elf:2    | Found a runed translucent gate.
 41588 | Elf:2    | Found a runed translucent gate.
 41938 | Elf:2    | Acquired 919 gold pieces
 42204 | Elf:3    | Entered Level 3 of the Elven Halls
 42204 | Elf:3    | Noticed Huckle's ghost (adept SpAr)
 42208 | Elf:3    | Found a runed translucent gate.
 42208 | Elf:3    | Found a runed translucent gate.
 42208 | Elf:3    | Found a runed translucent gate.
 42253 | Elf:3    | Found Hobenin's Antique Weapon Shoppe.
 42293 | Elf:3    | Killed Huckle's ghost
 42490 | Elf:3    | Identified the +1 hat "Faerph" {Int+2}
 42501 | Elf:3    | Identified the +5 short sword "Hont" {spect, SInv}
 42628 | Elf:3    | Found Olylideu's Distillery.
 42633 | Elf:3    | Found Zibba's Magic Scroll Shop.
 42675 | Elf:3    | Bought 2 potions of haste for 220 gold pieces
 42675 | Elf:3    | Bought a potion of curing for 33 gold pieces
 42675 | Elf:3    | Bought a potion of curing for 33 gold pieces
 42675 | Elf:3    | Bought 2 potions of curing for 66 gold pieces
 42680 | Elf:3    | Bought a scroll of enchant weapon for 142 gold pieces
 42681 | Elf:3    | Bought a scroll of teleportation for 57 gold pieces
 42854 | Elf:3    | Identified the +0 robe of Watchfulness {rN+ Dex+5}
 42932 | Elf:3    | Identified the +7 whip of Karma {flame, Dex+2}
 42948 | Elf:3    | Reached skill level 23 in Ranged Weapons
 43028 | Elf:3    | Identified the +8 hand axe of Defenestration {protect,
                  | rPois Int+5 Stlth+}
 43072 | Elf:3    | Acquired 964 gold pieces
 43086 | Elf:3    | Found Pibbut's Weapon Boutique.
 43107 | Elf:3    | Found Donoppou's Weapon Boutique.
 43521 | Elf:3    | Got the Quarto of Oxidation and the Syncline
 43609 | Elf:3    | Identified the +1 helmet of Parlour Games {Str+3 Dex+4}
 44016 | Depths:1 | Entered Level 1 of the Depths
 44028 | Depths:1 | Reached XP level 23. HP: 200/200 MP: 23/23
 44412 | Depths:1 | Found a one-way gate leading to the halls of Pandemonium.
 44492 | Depths:1 | Identified the +0 morningstar of the Fray {flame, rN+
                  | Str+4}
 44934 | Depths:1 | Found a gateway to Hell.
 44934 | Depths:1 | Identified the +5 ring mail of Rotation {rPois Regen+ MP+9
                  | Dex+2}
 45187 | Depths:2 | Noticed a juggernaut
 45195 | Depths:2 | Killed a juggernaut
 45205 | Depths:2 | Found a bloodstained altar of Trog.
 45329 | Depths:2 | Found a one-way gateway to a ziggurat.
 45482 | Depths:2 | Reached skill level 24 in Ranged Weapons
 46229 | Depths:3 | Noticed a caustic shrike
 46230 | Depths:3 | Noticed a caustic shrike
 46237 | Depths:3 | Killed a caustic shrike
 46241 | Depths:3 | Killed a caustic shrike
 46396 | Depths:3 | Identified the +4 scale mail "Axkotof" {Regen+}
 46444 | Depths:3 | Noticed a golden dragon
 46449 | Depths:3 | Killed a golden dragon
 46481 | Depths:3 | Found a one-way gate to the infinite horrors of the Abyss.
 46493 | Depths:3 | Reached XP level 24. HP: 210/210 MP: 23/23
 46982 | Depths:3 | Found an ancient bone altar of Kikubaaqudgha.
 47266 | Depths:4 | Entered Level 4 of the Depths
 47444 | Depths:4 | Found a gate to the Realm of Zot.
 47657 | Depths:4 | Got the Incunable of the Queen Bee
 47698 | Depths:4 | Identified the +3 whip "Sucassei" {drain, rPois Will+
                  | Str+3}
 47948 | Depths:4 | Found a corrupted altar of Lugonu.
 48227 | Depths:4 | Reached skill level 15 in Armour
 48710 | Vaults:5 | Entered Level 5 of the Vaults
 48712 | Vaults:5 | Noticed an ancient lich
 48920 | Vaults:5 | Identified the death talisman of Gozag's Righteous Fury
                  | {rF+ rC+ Int+3 Slay+2}
 49120 | Vaults:5 | Identified the +2 shortbow "Wetreog" {heavy, rN+ rCorr
                  | Dex+3}
 49187 | Vaults:5 | Noticed a dread lich
 49194 | Vaults:5 | Killed a dread lich
 49306 | Vaults:5 | Identified the +0 fire dragon scales of Hangman {rF++ rC-
                  | Slay+2}
 49375 | Vaults:5 | Identified the +7 falchion "Ammuash" {antimagic, Str+2}
 49722 | Vaults:5 | Got the Tractate on Stygian Fumes
 49740 | Vaults:5 | Identified the +4 ring mail of the Dungeon {Harm rElec
                  | rPois Regen+}
 49750 | Vaults:5 | Got a silver rune of Zot
 50306 | Zot:1    | Entered Level 1 of the Realm of Zot
 50309 | Zot:1    | Noticed a curse toe
 50311 | Zot:1    | Killed a curse toe
 50314 | Zot:1    | Reached skill level 1 in Shapeshifting
 50366 | Zot:1    | Reached skill level 25 in Ranged Weapons
 50412 | Zot:1    | Reached XP level 25. HP: 190/217 MP: 23/23
 50968 | Zot:1    | Found a stormy altar of Qazlal.
 50983 | Zot:1    | Got the Volume of Fire and Brimstone
 51476 | Zot:1    | Acquired 763 gold pieces
 51796 | Zot:2    | Reached skill level 15 in Evocations
 52026 | Zot:2    | Reached skill level 5 in Shapeshifting
 52353 | Zot:2    | Noticed an orb of fire
 52962 | Zot:3    | Identified the +6 trident "Miahey" {vamp, *Noise rN+++
                  | Int+3 Stlth+}
 53063 | Zot:3    | Identified the +0 plate armour of the Bouncing Deaths
                  | {rElec Will- rCorr SInv}
 53670 | Zot:4    | Noticed an orb of fire
 53673 | Zot:4    | Gained mutation: You occasionally lose the ability to drink
                  | potions when taking damage. [an orb of fire]
 53680 | Zot:4    | Killed an orb of fire
 53686 | Zot:4    | Reached XP level 26. HP: 215/224 MP: 23/23
 54091 | Zot:4    | Lost mutation: You occasionally lose the ability to drink
                  | potions when taking damage. [potion of mutation]
 54091 | Zot:4    | Gained mutation: Your mind is acute. (Int +4, Str/Dex -1)
                  | [potion of mutation]
 54211 | Zot:5    | Entered Level 5 of the Realm of Zot
 54264 | Zot:5    | Reached skill level 10 in Shapeshifting
 54401 | Zot:5    | Noticed an ancient lich
 54418 | Zot:5    | Killed an ancient lich
 54420 | Zot:5    | Noticed a Killer Klown
 54429 | Zot:5    | Noticed a Killer Klown
 54437 | Zot:5    | Noticed an orb of fire
 54439 | Zot:5    | Noticed a Killer Klown
 54440 | Zot:5    | Noticed an orb of fire
 54442 | Zot:5    | Killed a Killer Klown
 54445 | Zot:5    | Noticed a Killer Klown
 54446 | Zot:5    | Noticed a Killer Klown
 54449 | Zot:5    | Noticed an orb of fire
 54456 | Zot:5    | Noticed a Killer Klown
 54461 | Zot:5    | Killed a Killer Klown
 54471 | Zot:5    | Killed a Killer Klown
 54482 | Zot:5    | Noticed an orb of fire
 54485 | Zot:5    | Noticed a Killer Klown
 54485 | Zot:5    | Noticed an orb of fire
 54486 | Zot:5    | Noticed a Killer Klown
 54489 | Zot:5    | Killed a Killer Klown
 54489 | Zot:5    | Noticed a Killer Klown
 54495 | Zot:5    | Noticed a dread lich
 54498 | Zot:5    | Killed an orb of fire
 54502 | Zot:5    | Noticed a Killer Klown
 54507 | Zot:5    | Killed a Killer Klown
 54507 | Zot:5    | Killed a Killer Klown
 55110 | Zot:5    | Got the Orb of Zot
 55422 | D:14     | Noticed Baelapaj the pandemonium lord
 55432 | D:14     | Killed Baelapaj the pandemonium lord
 55533 | D:10     | Noticed Diuheh the pandemonium lord
 55537 | D:10     | Killed Diuheh the pandemonium lord
 55821 | D:$      | Escaped with the Orb!

Illustrated notes

Levels and vault maps discovered:
D:1:      dpeg_arrival_simpleton_c, layout_loops_ring
D:2:      layout_basic, serial_corexii_hall, corexii_hall_statues_t,
          corexii_hall_statues_x, chequers_hall_statues_y,
          corexii_hall_statues_s, hellmonk_ecumenical_altar_heavens_door
D:3:      layout_loops_ring, mainiacjoe_overflow_small_starburst, uniq_jessica
D:4:      layout_loops_ring
D:5:      layout_basic
D:6:      minmay_recursive_quarters, layout_loops_cross, uniq_sigmund
D:7:      layout_loops_cross, nicolae_ru_awakened_eye, temple_fountains,
          serial_shops, nicolae_shop_statue_plus, shop
D:8:      layout_basic, nicolae_overflow_crystal_walls,
          kennysheep_orc_sif_temple, kennysheep_generic_room_9
D:9:      layout_loops_ring, gammafunk_temple_overflow_statue,
          mainiacjoe_overflow_boulevard, lair_entry_dummy,
          kennysheep_orc_monster_closet_entryway, hangedman_decor_points,
          solitary_fountain
D:10:     layout_gridville, enter_bailey_2, uniq_harold, uniq_amaemon,
          uniq_erica
D:11:     layout_cave_pools
D:12:     layout_roguey
D:13:     layout_stronghold, hangedman_vaults_entry_quadrant_bands
D:14:     layout_loops_ring
D:15:     grunt_enter_depths_giant_problem, layout_basic, nicolae_tricolors,
          uniq_jorgrun
Temple:   hellmonk_temple_two_chambers
Lair:1:   layout_regular_city, basic_altar, serial_rivers,
          chequers_serial_rivers_large_a, chequers_serial_rivers_micro_d,
          chequers_serial_rivers_marsh, chequers_serial_rivers_micro_a,
          chequers_serial_rivers_room_a, chequers_serial_rivers_micro_a,
          serial_bayou_ford_a, uniq_urug, uniq_sonja, uniq_joseph
Lair:2:   lemuel_slime, layout_gridlike, minmay_snake_entry_guardpost_small,
          nicolae_lair_lakeside_cave, infiniplex_staircase_pool_2
Lair:3:   layout_big_grid, alex1729_swamp_entry_worm_eleionoma,
          chequers_serial_rivers_micro_a, kennysheep_basilisk_garden
Lair:4:   layout_concentric_octagons, uniq_rupert
Lair:5:   minmay_lair_end_enchanted_forest, layout_big_grid, slime_entry_1,
          grunt_megastairs_1, uniq_josephine
Swamp:1:  layout_basic_swamp, nicolae_swamp_ascending_descending
Swamp:2:  layout_falls_marsh, evilmike_swamp_ruin_house_4, swamp_pool_1_2
Swamp:3:  layout_falls_marsh, hangedman_swamp_ruin_wall, swamp_pool_3,
          hangedman_swamp_double_dragon
Swamp:4:  byrel_swamp_growth_death_and_undeath, layout_basic_swamp,
          water_boxes_lemuel, uniq_roxanne
Snake:1:  cheibrodos_forgotten_conduit, layout_chambers
Snake:2:  layout_onion, serial_nicolae_subway, nicolae_sub_station_stone,
          nicolae_sub_station_crystal, nicolae_sub_station_metal, uniq_vashnia
Snake:3:  layout_chambers, serial_bayou_shore_b, grunt_megastairs_4, uniq_nikola
Snake:4:  grunt_snake_rune_serpentine_throne, layout_cave_town
Orc:1:    orc_temple, layout_caves, basic_altar, enter_volcano_3,
          minmay_orc_temple_a
Orc:2:    kennysheep_orc_mage_school, layout_caves
Elf:1:    layout_gridlike, minmay_elf_annihilation, minmay_shoptagon,
          uniq_norris, uniq_kirke, uniq_agnes, uniq_donald
Elf:2:    nicolae_elf_blades_splatter_lattice [grunt_blade_entry_basic],
          layout_geoelf_grid
Elf:3:    grunt_elf_hall_branching, layout_rooms, serial_shops,
          nicolae_shop_bloodbath_and_beyond, shop, shop, shop_fountains,
          shop_statue, gammafunk_ghost_split
Vaults:1: nicolae_vaults_closet_pinwheel_1, nicolae_vaults_little_squares_2,
          hangedman_vaults_river_flow, vaults_dpeg_ring, hangedman_vaults_maws,
          nicolae_vaults_apartment_1, nicolae_vaults_more_shelving_1, v_misc_9,
          v_misc_18, nicolae_vaults_little_squares_5, layout_vaults_omnigrid,
          uniq_asterion
Vaults:2: grunt_vaults_swirl, nicolae_vaults_tangram_2, blue_anna_dwarven_crypt,
          vaults_room_grid, v_alt_pattern_2, grunt_vaults_hallway_long,
          nicolae_vaults_little_squares_5, hangedman_vaults_stagger,
          vaults_mumra_minichess_inversion, nicolae_vaults_shelves_hall,
          hangedman_vaults_restitches, nicolae_vaults_trapezoid_layered,
          nicolae_vaults_house_1, nicolae_vaults_variable_pillar_hall,
          layout_vaults_omnibox, uniq_xtahua
Vaults:3: nicolae_vaults_rhombus_6, nicolae_vaults_tetromino_L_2, v_pattern_3,
          nicolae_vaults_triangles, nicolae_vaults_house_3,
          nicolae_vaults_house_2, v_misc_28, st_smaller_cells,
          layout_vaults_big_room, serial_shops, bzr_firewalk, uniq_jory,
          uniq_sojobo, uniq_margery
Vaults:4: nicolae_vaults_circle_grid_a, nicolae_vaults_alarming,
          grunt_vaults_funnel, hangedman_vaults_slice, nicolae_vaults_cochlea,
          hangedman_vaults_stream, nicolae_vaults_sightless_eye,
          lightli_orcish_oven, nicolae_vaults_little_squares_6,
          layout_vaults_omnicross
Vaults:5
Depths:1: layout_twisted_cross, grunt_pan_entry_sceptre, dk_noncrumbling_4,
          grunt_hell_entry_demonic_statue, grunt_ministairs_2,
          chequers_serial_rivers_small_b, nicolae_letterblocks
          [nicolae_letter_subblock, nicolae_letter_subblock,
          nicolae_letter_subblock, nicolae_letter_subblock,
          nicolae_letter_subblock, nicolae_letter_subblock,
          nicolae_letter_subblock, nicolae_letter_subblock,
          nicolae_letter_subblock, nicolae_letter_subblock,
          nicolae_letter_subblock, nicolae_letter_subblock,
          nicolae_letter_subblock, nicolae_letter_subblock,
          nicolae_letter_subblock, nicolae_letter_subblock,
          nicolae_letter_subblock, nicolae_letter_subblock,
          nicolae_letter_subblock, nicolae_letter_subblock,
          nicolae_letter_subblock, nicolae_letter_subblock,
          nicolae_letter_subblock, nicolae_letter_subblock,
          nicolae_letter_subblock]
Depths:2: minmay_ambush_box, layout_cave_pools, enter_ziggurat_b, pan_entry,
          grunt_hell_entry_dis_grunt, bloody_trog
Depths:3: thingy_vault, layout_small_grid, rand_demon_pan_entry_4, abyss_entry,
          nicolae_kikubaaqudgha_miasma_corner, hell_entry, hangedman_aviary,
          uniq_josephina
Depths:4: grunt_x_marks_the_spot, layout_gridlike, abyss_entry_flame_altar,
          hell_entry, amcnicky_mini_pool_small, grunt_pan_entry_spiral
Zot:1:    nicolae_zot_draconian_monastery, layout_cathedral_of_symmetry,
          drop_trap, grunt_ministairs_14
Zot:2:    layout_misc_corridors, grunt_ministairs_11, nrook_zot_tub
Zot:3:    layout_twisted_circle, regret_index_zot_stipple_split,
          regret_index_zotdec_iron_s
Zot:4:    layout_twisted_circle, grunt_megastairs_5
Zot:5:    layout_misc_corridors

Skill      XL: |  1  2  3  4  5  6  7  8  9 10 11 12 13 14 15 16 17 18 19 20 21 22 23 24 25 26 |
---------------+-------------------------------------------------------------------------------+-----
Stealth        | 1 3 4 5 6 |  6.0
Dodging        | 2 4 5 7 9 11 13 14 15 16 18 | 18.0
Ranged Weapons | 4 5 6 7 9 10 12 14 17 18 19 21 23 24 25 | 25.0
Fighting       | 4 6 8 9 11 14 15 16 18 19 20 21 22 | 22.0
Evocations     | 1 5 10 15 | 15.0
Armour         | 5 8 11 13 16 | 16.0
Shapeshifting  | 1 9 12 | 12.8

Action                     |  1- 3 |  4- 6 |  7- 9 | 10-12 | 13-15 | 16-18 | 19-21 | 22-24 | 25-27 || total
---------------------------+-------+-------+-------+-------+-------+-------+-------+-------+-------++-------
  Melee: Sling             |       |       |       |       |    20 |       |       |       |       ||    20
   Fire: Sling             |   166 |   256 |   394 |  1200 |  2156 |  1160 |       |       |       ||  5332
         Hand cannon       |       |       |       |       |       |  1062 |  2078 |  1868 |   966 ||  5974
 Invoke: Potion Petition   |       |       |       |       |     1 |       |       |       |       ||     1
         Call Merchant     |       |       |       |       |       |     7 |     1 |       |       ||     8
         Bribe Branch      |       |       |       |       |       |       |       |     2 |     4 ||     6
Ability: Invent Gizmo      |       |       |       |       |     1 |       |       |       |       ||     1
  Evoke: Wand              |       |       |       |     3 |    14 |       |       |       |       ||    17
         Lightning rod     |       |       |       |       |       |       |       |       |     2 ||     2
         Condenser vane    |       |       |       |       |       |       |       |       |     1 ||     1
    Use: Scroll            |     4 |     3 |    11 |     3 |     8 |     9 |     8 |    10 |     2 ||    58
         Potion            |       |       |     1 |     1 |     1 |       |     5 |       |     3 ||    11
 Armour: Leather armour    |    18 |    50 |    48 |    85 |   144 |   142 |   167 |    59 |       ||   713
         Skin              |       |       |     3 |       |       |       |       |       |       ||     3
         Ring mail         |       |       |       |       |       |       |       |   140 |   136 ||   276
  Dodge: Dodged            |    16 |    54 |    49 |   123 |   243 |   280 |   317 |   345 |   182 ||  1609
         Repelled          |       |       |       |       |    10 |    51 |    42 |    45 |    39 ||   187

Table legend: (Time is in decaauts)
 A = Elapsed time spent in this place.
 B = Non-inter-level travel time spent in this place.
 C = Inter-level travel time spent in this place.
 D = Time resting spent in this place.
 E = Time spent auto-exploring this place.
 F = Levels seen in this place.
 G = Mean time per level.
                   A        B        C        D        E       F      G
               +--------+--------+--------+--------+--------+-----+--------+
         Total |  55851 |  50132 |   5719 |   1924 |  39331 |  50 | 1117.0 |
       Dungeon |  15331 |  12958 |   2373 |   1119 |  10002 |  15 | 1022.1 |
        Temple |     28 |     28 |      0 |      0 |      0 |   1 |   28.0 |
          Lair |   6117 |   5326 |    791 |    433 |   3688 |   5 | 1223.4 |
         Swamp |   3480 |   3357 |    123 |     87 |   2753 |   4 |  870.0 |
     Snake Pit |   5738 |   5439 |    299 |      0 |   4623 |   4 | 1434.5 |
  Orcish Mines |   2636 |   1998 |    638 |      8 |   1290 |   2 | 1318.0 |
   Elven Halls |   3861 |   3729 |    132 |      0 |   3027 |   3 | 1287.0 |
        Vaults |   8571 |   7994 |    577 |    277 |   6436 |   5 | 1714.2 |
        Depths |   4557 |   4215 |    342 |      0 |   3394 |   4 | 1139.2 |
           Zot |   4982 |   4542 |    440 |      0 |   3741 |   5 |  996.4 |
        Bazaar |    135 |    135 |      0 |      0 |    127 |   1 |  135.0 |
        Bailey |    408 |    408 |      0 |      0 |    248 |   1 |  408.0 |
               +--------+--------+--------+--------+--------+-----+--------+

Top non-repeatable levels by time:
  Lair:2: 2190 daAuts
Vaults:3: 1974 daAuts
Vaults:2: 1930 daAuts
Vaults:1: 1729 daAuts
Vaults:4: 1661 daAuts
    D:15: 1641 daAuts
 Snake:1: 1632 daAuts
   Orc:2: 1592 daAuts
 Snake:3: 1525 daAuts
     D:9: 1515 daAuts
   Elf:3: 1494 daAuts
 Snake:4: 1422 daAuts
    D:10: 1335 daAuts
    D:13: 1281 daAuts
Vaults:5: 1276 daAuts
